 Dungeon Crawl Stone Soup version 0.21.1-1-g345015f (webtiles) character file.

1501 kae the Insei (level 8, -2/54 HPs)
             Began as an Octopode Transmuter on May 27, 2018.
             Slain by Zorot's ghost (5 damage)
             ... on level 6 of the Dungeon.
             The game lasted 00:06:25 (6564 turns).

kae the Insei (Octopode Transmuter)                 Turns: 6564, Time: 00:06:26

Health: -2/54      AC:  3    Str:  9    XL:     8   Next: 81%
Magic:  6/14       EV: 15    Int: 16    God:
Gold:   241        SH:  0    Dex: 14    Spells: 4/15 levels left

rFire    . . .     SeeInvis .     - Unarmed
rCold    . . .     Gourm    .   (no shield)
rNeg     . . .     Faith    .   (helmet restricted)
rPois    .         Spirit   .   (no amulet)
rElec    .         Reflect  .   f - ring of wizardry
rCorr    .         Harm     .   e - +2 ring of protection
MR       .....                  (no ring)
Stlth    ++........             (no ring)
HPRegen  0.18/turn              (no ring)
MPRegen  0.14/turn              (no ring)
                                (no ring)
                                (no ring)

@: very slightly contaminated
A: almost no armour, stealthy swim, amphibious, 8 rings, constrict 8, camouflage
1, gelatinous body 1
a: no special abilities


You were on level 6 of the Dungeon.
You were near starving.

You visited 1 branch of the dungeon, and saw 6 of its levels.

You collected 241 gold pieces.

Inventory:

Missiles
 a - 47 arrows
Jewellery
 e - a +2 ring of protection (right tentacle)
 f - a ring of wizardry (left tentacle)
Wands
 l - a wand of clouds (6)
Scrolls
 d - 4 scrolls of remove curse
 g - a scroll of identify
 h - 4 scrolls of magic mapping
 j - a scroll of enchant weapon
 k - a scroll of fog {unknown}
Potions
 i - a potion of heal wounds
 m - a potion of curing {unknown}
Books
 b - a book of Changes

   Spells                             Type                      Level
   a - Beastly Appendage              Transmutation                1
   b - Sticks to Snakes               Transmutation                2
   c - Spider Form                    Transmutation/Poison         3
   d - Ice Form                       Ice/Transmutation            4
   e - Blade Hands                    Transmutation                5
Comestibles
 c - 7 rations


   Skills:
 + Level 4.0 Fighting
 + Level 4.3 Dodging
 * Level 6.4 Unarmed Combat
 + Level 4.1 Spellcasting
 * Level 6.0 Transmutations


You had 4 spell levels left.
You knew the following spells:

 Your Spells              Type           Power        Failure   Level  Hunger
a - Beastly Appendage     Tmut           ###...       1%          1    None
b - Sticks to Snakes      Tmut           ###.....     1%          2    ##.....
c - Spider Form           Tmut/Pois      ##........   6%          3    ###....
d - Blade Hands           Tmut           ###.......   16%         5    ######.


Dungeon Overview and Level Annotations

Branches:
Dungeon (6/15)
 Temple: D:4-7

Altars:
Uskayaw

Annotations:
D:4 Edmund
D:6 Zorot's ghost, novice VSGl


Innate Abilities, Weirdness & Mutations

You cannot wear most types of armour.
You are very stealthy in the water. (Stealth+)
You are amphibious.
You can wear up to eight rings at the same time.
You can use your tentacles to constrict eight enemies at once.
Your skin changes colour to match your surroundings (Stealth+).
Your rubbery body absorbs attacks. (AC +1, EV +1)


Message History

Zorot's ghost barely misses you.
You tentacle-slap Zorot's ghost but do no damage.
You squeeze Zorot's ghost.
Zorot's ghost is almost destroyed.
Zorot's ghost hits you but does no damage.
You tentacle-slap Zorot's ghost but do no damage.
Zorot's ghost is almost destroyed.
Zorot's ghost closely misses you.
You tentacle-slap Zorot's ghost.
Zorot's ghost is almost destroyed.
Zorot's ghost whispers, "There is no future for you."
Zorot's ghost hits you but does no damage.
Casting: Blade Hands
Confirm with . or Enter, or press ? or * to list all spells.
You miscast Blade Hands.
You are very lightly contaminated with residual magic.
You feel very strange.
* * * LOW HITPOINT WARNING * * *
Zorot's ghost hits you.
You die...

##########.
#..@W......
#.#########
#.#
#.#######
#.......#
#######.##
##...##
#<....#####
#.........#


You could see Zorot's ghost.

Vanquished Creatures
  The ghost of Zorot the Ruffian, a novice VSGl (D:5)
  Sigmund (D:3)
  An ice beast (D:5)
  An ogre (D:4)
  A big kobold (D:3)
  A crimson imp (D:5)
  The ghost of kalagan the Caller, a weakling DESu (D:3)
  5 hounds
  A bullfrog skeleton (D:4)
  4 orc priests
  A jelly (D:6)
  2 iguanas (D:4)
  2 orc wizards
  3 worker ants
  10 gnolls
  4 adders
  A shadow imp (D:5)
  3 oozes
  An adder skeleton (D:4)
  3 worms
  3 dart slugs
  A leopard gecko (D:5)
  21 orcs
  3 ball pythons
  7 giant cockroaches
  12 goblins
  15 hobgoblins
  4 jackals (D:2)
  A quokka (D:2)
  7 bats
  2 frilled lizards
  22 kobolds
  12 rats
157 creatures vanquished.

Notes
Turn   | Place    | Note
-------+----------+-------------------------------------------
     0 | D:1      | kae the Octopode Transmuter began the quest for the Orb.
     0 | D:1      | Reached XP level 1. HP: 13/13 MP: 3/3
   332 | D:1      | Reached XP level 2. HP: 18/18 MP: 5/5
   634 | D:1      | Reached XP level 3. HP: 15/23 MP: 4/6
  1268 | D:2      | Reached XP level 4. HP: 26/28 MP: 7/7
  1329 | D:2      | Learned a level 2 spell: Sticks to Snakes
  1333 | D:2      | Learned a level 3 spell: Spider Form
  1919 | D:2      | Reached XP level 5. HP: 34/34 MP: 8/8
  2471 | D:3      | Noticed a big kobold
  2811 | D:3      | Killed a big kobold
  2811 | D:3      | Reached XP level 6. HP: 34/40 MP: 10/10
  3223 | D:3      | Noticed Sigmund
  3660 | D:3      | Noticed kalagan's ghost (weakling DESu)
  3894 | D:3      | Killed kalagan's ghost
  3915 | D:3      | Learned a level 5 spell: Blade Hands
  3926 | D:3      | Killed Sigmund
  3926 | D:3      | Reached skill level 5 in Unarmed Combat
  3926 | D:3      | Reached XP level 7. HP: 45/45 MP: 8/11
  5239 | D:4      | Noticed Edmund
  5307 | D:4      | Found a hide-covered altar of Uskayaw.
  5319 | D:4      | Reached skill level 5 in Transmutations
  5319 | D:4      | Reached XP level 8. HP: 52/52 MP: 9/13
  5794 | D:5      | Entered Level 5 of the Dungeon
  5798 | D:5      | Noticed Zorot's ghost (novice VSGl)
  5807 | D:5      | Killed Zorot's ghost
  6543 | D:6      | Noticed Zorot's ghost (novice VSGl)
  6564 | D:6      | Slain by Zorot's ghost

Skill      XL: |  1  2  3  4  5  6  7  8 |
---------------+-------------------------+-----
Transmutations | 3 4 5 6 |  6.0
Fighting       | 2 3 4 |  4.0
Unarmed Combat | 4 5 6 |  6.4
Spellcasting   | 3 4 |  4.1
Dodging        | 3 4 |  4.3

Action                   |  1- 3 |  4- 6 |  7- 9 || total
-------------------------+-------+-------+-------++-------
Melee: Unarmed           |    97 |   180 |   156 ||   433
       Constrict         |    28 |    46 |    24 ||    98
       Kick              |    11 |    13 |    11 ||    35
       Tentacles         |     9 |    33 |    21 ||    63
       Punch             |     2 |     6 |     4 ||    12
 Cast: Beastly Appendage |     7 |    13 |     4 ||    24
       Sticks to Snakes  |       |     4 |       ||     4
       Spider Form       |       |     1 |     9 ||    10
       Blade Hands       |       |       |     3 ||     3
  Use: Potion            |       |     5 |       ||     5
       Scroll            |       |     6 |     2 ||     8
 Stab: Sleeping          |     7 |     4 |     3 ||    14
       Distracted        |       |     1 |       ||     1
  Eat: Chunk             |     1 |     9 |     9 ||    19
Armor: Skin              |     8 |    30 |     8 ||    46
Dodge: Dodged            |    67 |   124 |   108 ||   299
